Workbook

Sheet Resumo
A1: ORÇAMENTO DE OBRAS
A2: Planilhas Gestão • custos, margem e preço orçado
A4: Custo Total | B4: Preço Orçado | C4: Margem Bruta | D4: Itens válidos | E4: Custo Médio/Item | F4: Margem Bruta %
A5: =IF(COUNTIF(Orcamento!M2:M500,"Revisar dados")>0,"Revisar dados",SUM(Orcamento!J2:J500)) -> 19900 | B5: =IF(COUNTIF(Orcamento!M2:M500,"Revisar dados")>0,"Revisar dados",SUM(Orcamento!L2:L500)) -> 24047.727 | C5: =IF(AND(ISNUMBER(A5),ISNUMBER(B5)),B5-A5,"Revisar dados") -> 4147.7273 | D5: =COUNTIF(Orcamento!M2:M500,"OK") -> 4 | E5: =IF(ISNUMBER(A5),IF(D5=0,"",A5/D5),"Revisar dados") -> 4975 | F5: =IF(ISNUMBER(B5),IF(B5=0,"",C5/B5),"Revisar dados") -> 0.17247897
A7: Categoria | B7: Custo
A8: =Categorias!A2 -> Materiais | B8: =SUMIF(Orcamento!B2:B500,A8,Orcamento!J2:J500) -> 7140
A9: =Categorias!A3 -> Mão de Obra | B9: =SUMIF(Orcamento!B2:B500,A9,Orcamento!J2:J500) -> 6560
A10: =Categorias!A4 -> Equipamentos | B10: =SUMIF(Orcamento!B2:B500,A10,Orcamento!J2:J500) -> 900
A11: =Categorias!A5 -> Serviços | B11: =SUMIF(Orcamento!B2:B500,A11,Orcamento!J2:J500) -> 5300
A12: =Categorias!A6 -> Administrativo | B12: =SUMIF(Orcamento!B2:B500,A12,Orcamento!J2:J500) -> 0
A14: Linhas para corrigir | B14: =COUNTIF(Orcamento!M2:M500,"Revisar dados") -> 0

Sheet Orcamento
A1: Item | B1: Categoria | C1: Descrição | D1: Unidade | E1: Quantidade | F1: Custo Material Unit. | G1: Custo M.O. Unit. | H1: Outros Unit. | I1: Custo Unitário | J1: Custo Total | K1: Margem % | L1: Preço Orçado | M1: Conferência
A2: 1 | B2: Materiais | C2: Concreto usinado | D2: m³ | E2: 12 | F2: 480 | G2: 90 | H2: 25 | I2: =IF(M2="OK",SUM(F2:H2),"") -> 595 | J2: =IF(M2="OK",E2*I2,"") -> 7140 | K2: 0.15 | L2: =IF(M2="OK",J2/(1-K2),"") -> 8400 | M2: =IF(COUNTA(A2:H2)=0,"",IF(AND(A2<>"",COUNTIF(Categorias!$A$2:$A$6,B2)=1,C2<>"",D2<>"",ISNUMBER(E2),E2>0,ISNUMBER(F2),F2>=0,ISNUMBER(G2),G2>=0,ISNUMBER(H2),H2>=0,ISNUMBER(K2),K2>=0,K2<1),"OK","Revisar dados")) -> OK
A3: 2 | B3: Mão de Obra | C3: Assentamento de piso | D3: m² | E3: 80 | F3: 42 | G3: 35 | H3: 5 | I3: =IF(M3="OK",SUM(F3:H3),"") -> 82 | J3: =IF(M3="OK",E3*I3,"") -> 6560 | K3: 0.18 | L3: =IF(M3="OK",J3/(1-K3),"") -> 8000 | M3: =IF(COUNTA(A3:H3)=0,"",IF(AND(A3<>"",COUNTIF(Categorias!$A$2:$A$6,B3)=1,C3<>"",D3<>"",ISNUMBER(E3),E3>0,ISNUMBER(F3),F3>=0,ISNUMBER(G3),G3>=0,ISNUMBER(H3),H3>=0,ISNUMBER(K3),K3>=0,K3<1),"OK","Revisar dados")) -> OK
A4: 3 | B4: Equipamentos | C4: Locação de betoneira | D4: dia | E4: 5 | F4: 0 | G4: 0 | H4: 180 | I4: =IF(M4="OK",SUM(F4:H4),"") -> 180 | J4: =IF(M4="OK",E4*I4,"") -> 900 | K4: 0.12 | L4: =IF(M4="OK",J4/(1-K4),"") -> 1022.7273 | M4: =IF(COUNTA(A4:H4)=0,"",IF(AND(A4<>"",COUNTIF(Categorias!$A$2:$A$6,B4)=1,C4<>"",D4<>"",ISNUMBER(E4),E4>0,ISNUMBER(F4),F4>=0,ISNUMBER(G4),G4>=0,ISNUMBER(H4),H4>=0,ISNUMBER(K4),K4>=0,K4<1),"OK","Revisar dados")) -> OK
A5: 4 | B5: Serviços | C5: Instalação elétrica | D5: serviço | E5: 1 | F5: 3200 | G5: 1800 | H5: 300 | I5: =IF(M5="OK",SUM(F5:H5),"") -> 5300 | J5: =IF(M5="OK",E5*I5,"") -> 5300 | K5: 0.2 | L5: =IF(M5="OK",J5/(1-K5),"") -> 6625 | M5: =IF(COUNTA(A5:H5)=0,"",IF(AND(A5<>"",COUNTIF(Categorias!$A$2:$A$6,B5)=1,C5<>"",D5<>"",ISNUMBER(E5),E5>0,ISNUMBER(F5),F5>=0,ISNUMBER(G5),G5>=0,ISNUMBER(H5),H5>=0,ISNUMBER(K5),K5>=0,K5<1),"OK","Revisar dados")) -> OK
I6: =IF(M6="OK",SUM(F6:H6),"") | J6: =IF(M6="OK",E6*I6,"") | K6: 0.15 | L6: =IF(M6="OK",J6/(1-K6),"") | M6: =IF(COUNTA(A6:H6)=0,"",IF(AND(A6<>"",COUNTIF(Categorias!$A$2:$A$6,B6)=1,C6<>"",D6<>"",ISNUMBER(E6),E6>0,ISNUMBER(F6),F6>=0,ISNUMBER(G6),G6>=0,ISNUMBER(H6),H6>=0,ISNUMBER(K6),K6>=0,K6<1),"OK","Revisar dados"))
I7: =IF(M7="OK",SUM(F7:H7),"") | J7: =IF(M7="OK",E7*I7,"") | K7: 0.15 | L7: =IF(M7="OK",J7/(1-K7),"") | M7: =IF(COUNTA(A7:H7)=0,"",IF(AND(A7<>"",COUNTIF(Categorias!$A$2:$A$6,B7)=1,C7<>"",D7<>"",ISNUMBER(E7),E7>0,ISNUMBER(F7),F7>=0,ISNUMBER(G7),G7>=0,ISNUMBER(H7),H7>=0,ISNUMBER(K7),K7>=0,K7<1),"OK","Revisar dados"))
I8: =IF(M8="OK",SUM(F8:H8),"") | J8: =IF(M8="OK",E8*I8,"") | K8: 0.15 | L8: =IF(M8="OK",J8/(1-K8),"") | M8: =IF(COUNTA(A8:H8)=0,"",IF(AND(A8<>"",COUNTIF(Categorias!$A$2:$A$6,B8)=1,C8<>"",D8<>"",ISNUMBER(E8),E8>0,ISNUMBER(F8),F8>=0,ISNUMBER(G8),G8>=0,ISNUMBER(H8),H8>=0,ISNUMBER(K8),K8>=0,K8<1),"OK","Revisar dados"))
I9: =IF(M9="OK",SUM(F9:H9),"") | J9: =IF(M9="OK",E9*I9,"") | K9: 0.15 | L9: =IF(M9="OK",J9/(1-K9),"") | M9: =IF(COUNTA(A9:H9)=0,"",IF(AND(A9<>"",COUNTIF(Categorias!$A$2:$A$6,B9)=1,C9<>"",D9<>"",ISNUMBER(E9),E9>0,ISNUMBER(F9),F9>=0,ISNUMBER(G9),G9>=0,ISNUMBER(H9),H9>=0,ISNUMBER(K9),K9>=0,K9<1),"OK","Revisar dados"))
I10: =IF(M10="OK",SUM(F10:H10),"") | J10: =IF(M10="OK",E10*I10,"") | K10: 0.15 | L10: =IF(M10="OK",J10/(1-K10),"") | M10: =IF(COUNTA(A10:H10)=0,"",IF(AND(A10<>"",COUNTIF(Categorias!$A$2:$A$6,B10)=1,C10<>"",D10<>"",ISNUMBER(E10),E10>0,ISNUMBER(F10),F10>=0,ISNUMBER(G10),G10>=0,ISNUMBER(H10),H10>=0,ISNUMBER(K10),K10>=0,K10<1),"OK","Revisar dados"))
I11: =IF(M11="OK",SUM(F11:H11),"") | J11: =IF(M11="OK",E11*I11,"") | K11: 0.15 | L11: =IF(M11="OK",J11/(1-K11),"") | M11: =IF(COUNTA(A11:H11)=0,"",IF(AND(A11<>"",COUNTIF(Categorias!$A$2:$A$6,B11)=1,C11<>"",D11<>"",ISNUMBER(E11),E11>0,ISNUMBER(F11),F11>=0,ISNUMBER(G11),G11>=0,ISNUMBER(H11),H11>=0,ISNUMBER(K11),K11>=0,K11<1),"OK","Revisar dados"))
I12: =IF(M12="OK",SUM(F12:H12),"") | J12: =IF(M12="OK",E12*I12,"") | K12: 0.15 | L12: =IF(M12="OK",J12/(1-K12),"") | M12: =IF(COUNTA(A12:H12)=0,"",IF(AND(A12<>"",COUNTIF(Categorias!$A$2:$A$6,B12)=1,C12<>"",D12<>"",ISNUMBER(E12),E12>0,ISNUMBER(F12),F12>=0,ISNUMBER(G12),G12>=0,ISNUMBER(H12),H12>=0,ISNUMBER(K12),K12>=0,K12<1),"OK","Revisar dados"))
I13: =IF(M13="OK",SUM(F13:H13),"") | J13: =IF(M13="OK",E13*I13,"") | K13: 0.15 | L13: =IF(M13="OK",J13/(1-K13),"") | M13: =IF(COUNTA(A13:H13)=0,"",IF(AND(A13<>"",COUNTIF(Categorias!$A$2:$A$6,B13)=1,C13<>"",D13<>"",ISNUMBER(E13),E13>0,ISNUMBER(F13),F13>=0,ISNUMBER(G13),G13>=0,ISNUMBER(H13),H13>=0,ISNUMBER(K13),K13>=0,K13<1),"OK","Revisar dados"))
I14: =IF(M14="OK",SUM(F14:H14),"") | J14: =IF(M14="OK",E14*I14,"") | K14: 0.15 | L14: =IF(M14="OK",J14/(1-K14),"") | M14: =IF(COUNTA(A14:H14)=0,"",IF(AND(A14<>"",COUNTIF(Categorias!$A$2:$A$6,B14)=1,C14<>"",D14<>"",ISNUMBER(E14),E14>0,ISNUMBER(F14),F14>=0,ISNUMBER(G14),G14>=0,ISNUMBER(H14),H14>=0,ISNUMBER(K14),K14>=0,K14<1),"OK","Revisar dados"))
I15: =IF(M15="OK",SUM(F15:H15),"") | J15: =IF(M15="OK",E15*I15,"") | K15: 0.15 | L15: =IF(M15="OK",J15/(1-K15),"") | M15: =IF(COUNTA(A15:H15)=0,"",IF(AND(A15<>"",COUNTIF(Categorias!$A$2:$A$6,B15)=1,C15<>"",D15<>"",ISNUMBER(E15),E15>0,ISNUMBER(F15),F15>=0,ISNUMBER(G15),G15>=0,ISNUMBER(H15),H15>=0,ISNUMBER(K15),K15>=0,K15<1),"OK","Revisar dados"))
I16: =IF(M16="OK",SUM(F16:H16),"") | J16: =IF(M16="OK",E16*I16,"") | K16: 0.15 | L16: =IF(M16="OK",J16/(1-K16),"") | M16: =IF(COUNTA(A16:H16)=0,"",IF(AND(A16<>"",COUNTIF(Categorias!$A$2:$A$6,B16)=1,C16<>"",D16<>"",ISNUMBER(E16),E16>0,ISNUMBER(F16),F16>=0,ISNUMBER(G16),G16>=0,ISNUMBER(H16),H16>=0,ISNUMBER(K16),K16>=0,K16<1),"OK","Revisar dados"))
I17: =IF(M17="OK",SUM(F17:H17),"") | J17: =IF(M17="OK",E17*I17,"") | K17: 0.15 | L17: =IF(M17="OK",J17/(1-K17),"") | M17: =IF(COUNTA(A17:H17)=0,"",IF(AND(A17<>"",COUNTIF(Categorias!$A$2:$A$6,B17)=1,C17<>"",D17<>"",ISNUMBER(E17),E17>0,ISNUMBER(F17),F17>=0,ISNUMBER(G17),G17>=0,ISNUMBER(H17),H17>=0,ISNUMBER(K17),K17>=0,K17<1),"OK","Revisar dados"))
... I500: =IF(M500="OK",SUM(F500:H500),"") | J500: =IF(M500="OK",E500*I500,"") | K500: 0.15 | L500: =IF(M500="OK",J500/(1-K500),"") | M500: =IF(COUNTA(A500:H500)=0,"",IF(AND(A500<>"",COUNTIF(Categorias!$A$2:$A$6,B500)=1,C500<>"",D500<>"",ISNUMBER(E500),E500>0,ISNUMBER(F500),F500>=0,ISNUMBER(G500),G500>=0,ISNUMBER(H500),H500>=0,ISNUMBER(K500),K500>=0,K500<1),"OK","Revisar dados"))

Sheet Categorias
A1: Categoria | B1: Unidade | C1: Observação
A2: Materiais | B2: un | C2: Materiais e insumos
A3: Mão de Obra | B3: h | C3: Equipe própria ou terceirizada
A4: Equipamentos | B4: dia | C4: Locações e equipamentos
A5: Serviços | B5: serviço | C5: Serviços especializados
A6: Administrativo | B6: un | C6: Custos indiretos

Sheet Instrucoes
A1: COMO USAR A PLANILHA
A3: 1 | B3: Entradas | C3: Preencha A:H e K na aba Orcamento. Zero deve ser explícito nos custos F:H quando um componente não existir.
A4: 2 | B4: Automáticos | C4: Preserve I, J, L e M: custo unitário, custo total, preço e conferência. Campos incompletos/negativos ou categoria desconhecida mostram Revisar dados.
A5: 3 | B5: Resumo bloqueado | C5: Enquanto houver linha para corrigir, os totais exibem Revisar dados. Não envie proposta até o contador em Resumo B14 ser zero.
A6: 4 | B6: Margem | C6: Informe de 0% até menos de 100%. Preço = custo/(1-margem). Margem alta próxima de100% aumenta muito o preço; revise a premissa.
A7: 5 | B7: Capacidade | C7: Até499 itens nas linhas2:500. Para ampliar, copie fórmulas I:J/L:M e validações, e expanda todos os intervalos no Resumo.
A8: 6 | B8: Categorias | C8: Cinco categorias em Categorias A2:A6. Renomeie nessa lista e nas entradas. O gráfico agrupa custo total de itens válidos; não separa componentes materiais/mão de obra.
A9: 7 | B9: Indicadores | C9: Custo, preço, diferença bruta, itens válidos, custo médio/ item e margem bruta%. Diferença bruta não é lucro líquido.
A10: 8 | B10: Exemplos | C10: Dados ilustrativos. Base: custo19900; preço24047,73; diferença4147,73;4itens;custo médio4975;margem17,25%.
A11: 9 | B11: Escopo | C11: Confira unidades, quantitativos e custos indiretos antes da proposta. O modelo não calcula BDI, tributos ou custos reais versus previstos automaticamente.
